[ AOE2 MATCH · #470056971 ]
Team RMKhmer vs Romans
[ REPLAY ANALYSIS · EXTRACTED FROM THE RECORDED GAME ]
Feudal
12:00
Castle
16:07
Imperial
30:33
| APM avg | 26.1 |
| APM peak | 82 |
| eAPM avg | 16.4 |
| Villagers / military | 80 / 56 |
Focus
⚔️ 27.5% · 🌾 72.5%
Scorpion ×44 · Mangonel ×5 · Trebuchet (Packed) ×4 · Monk ×3
Feudal
12:21
Castle
18:46
Imperial
34:39
| APM avg | 29.9 |
| APM peak | 75 |
| eAPM avg | 23.8 |
| Villagers / military | 105 / 329 |
Focus
⚔️ 36.1% · 🌾 63.9%
Militia ×214 · Scorpion ×89 · Mangonel ×20 · Trebuchet (Packed) ×6
Feudal
11:07
Castle
15:52
Imperial
27:41
| APM avg | 27.6 |
| APM peak | 58 |
| eAPM avg | 18.4 |
| Villagers / military | 142 / 677 |
Focus
⚔️ 34.7% · 🌾 65.3%
Skirmisher ×259 · Spearman ×258 · Scout Cavalry ×148 · Trebuchet (Packed) ×7 · Monk ×5
Feudal
10:59
Castle
14:36
Imperial
30:36
| APM avg | 26.0 |
| APM peak | 109 |
| eAPM avg | 16.7 |
| Villagers / military | 160 / 385 |
Focus
⚔️ 31.0% · 🌾 69.0%
Militia ×244 · Spearman ×85 · Scorpion ×48 · Mangonel ×5 · Monk ×3
Feudal
12:52
Castle
16:31
Imperial
33:08
| APM avg | 28.6 |
| APM peak | 57 |
| eAPM avg | 16.2 |
| Villagers / military | 136 / 298 |
Focus
⚔️ 36.2% · 🌾 63.8%
Archer ×142 · Scout Cavalry ×130 · Skirmisher ×11 · Mangonel ×9 · Trebuchet (Packed) ×5 · Monk ×1
Feudal
13:41
Castle
18:54
Imperial
33:09
| APM avg | 30.9 |
| APM peak | 72 |
| eAPM avg | 14.6 |
| Villagers / military | 107 / 320 |
Focus
⚔️ 32.4% · 🌾 67.6%
Scout Cavalry ×216 · Janissary ×90 · Bombard Cannon ×14
Match map
Initial resources + every placement click. Lines = walls · curves = elevation contours. ◆ gold · ⬟ stone · ● berries · ✦ relic · ◌ wall gap
Your base· ✓ Closed at 16:07 · 0t walls · 2 gate(s)
DON JULIO's base· ✓ Closed at 18:46 · 0t walls · 2 gate(s)
TOMASMILONGA's base· ✓ Closed at 15:52 · 0t walls · 3 gate(s)
Atomic Kipachaka's base· ✓ Closed at 14:36 · 0t walls · 2 gate(s)
ADAM SMASHER's base· ✓ Closed at 16:31 · 0t walls · 2 gate(s)
Dimolition Man's base· ✓ Closed at 18:54 · 0t walls · 3 gate(s)
Smoothed initial terrain · ◌ = detected wall gap · hover for details
Inputs per minute
— SPQR - - DON JULIO
Build order — SPQR
First 150 of 232 actions detected
| 0:02 | Create | Villager (Male) |
| 0:02 | Create | Villager (Male) |
| 0:03 | Create | Villager (Male) |
| 0:03 | Create | Villager (Male) |
| 0:08 | Build | House |
| 0:11 | Build | House |
| 1:38 | Create | Villager (Male) |
| 2:18 | Create | Villager (Male) |
| 2:37 | Create | Villager (Male) |
| 2:37 | Create | Villager (Male) |
| 2:48 | Build | House |
| 2:50 | Build | House |
| 3:12 | Create | Villager (Male) |
| 3:12 | Create | Villager (Male) |
| 3:46 | Create | Villager (Male) |
| 3:46 | Create | Villager (Male) |
| 3:46 | Create | Villager (Male) |
| 4:03 | Build | Mining Camp |
| 4:42 | Create | Villager (Male) |
| 4:43 | Create | Villager (Male) |
| 4:43 | Create | Villager (Male) |
| 4:43 | Create | Villager (Male) |
| 5:41 | Build | Mill |
| 5:53 | Create | Villager (Male) |
| 5:53 | Create | Villager (Male) |
| 6:12 | Create | Villager (Male) |
| 7:43 | Build | Mining Camp |
| 7:45 | Create | Villager (Male) |
| 7:46 | Create | Villager (Male) |
| 8:15 | Create | Villager (Male) |
| 8:15 | Create | Villager (Male) |
| 8:30 | Build | Lumber Camp |
| 8:55 | Create | Villager (Male) |
| 9:09 | Build | Lumber Camp |
| 9:15 | Create | Villager (Male) |
| 9:46 | Research | Feudal Age |
| 9:58 | Build | House |
| 10:00 | Build | House |
| 11:49 | Research | Loom |
| 12:00 | Age | Feudal Age |
| 12:29 | Build | Farm |
| 12:32 | Build | Farm |
| 12:41 | Build | Farm |
| 12:44 | Build | Farm |
| 13:27 | Research | Castle Age |
| 14:55 | Research | Horse Collar |
| 15:00 | Research | Double-Bit Axe |
| 15:25 | Create | Villager (Male) |
| 15:26 | Create | Villager (Male) |
| 16:07 | Age | Castle Age |
| 16:13 | Build | Monastery |
| 16:16 | Create | Villager (Male) |
| 16:31 | Build | Farm |
| 16:32 | Build | Farm |
| 16:33 | Build | Farm |
| 16:35 | Build | Farm |
| 16:37 | Build | Farm |
| 16:42 | Build | Farm |
| 16:46 | Create | Villager (Male) |
| 16:48 | Create | Monk |
| 17:04 | Create | Villager (Male) |
| 17:07 | Research | Heavy Plow |
| 17:45 | Create | Monk |
| 17:59 | Create | Villager (Male) |
| 18:34 | Build | Town Center |
| 19:33 | Create | Villager (Male) |
| 19:33 | Create | Villager (Male) |
| 19:50 | Build | Castle |
| 20:08 | Build | Blacksmith |
| 20:27 | Build | House |
| 20:28 | Build | House |
| 20:33 | Create | Villager (Male) |
| 20:33 | Create | Villager (Male) |
| 20:34 | Create | Villager (Male) |
| 20:46 | Create | Villager (Male) |
| 20:47 | Create | Villager (Male) |
| 21:07 | Build | University |
| 21:15 | Research | Fletching |
| 21:35 | Build | House |
| 21:47 | Build | Market |
| 21:56 | Build | Farm |
| 21:59 | Build | Farm |
| 22:07 | Research | Bow Saw |
| 22:14 | Build | House |
| 22:15 | Build | House |
| 22:17 | Build | House |
| 22:36 | Create | Villager (Male) |
| 22:36 | Create | Villager (Male) |
| 22:37 | Create | Villager (Male) |
| 22:51 | Research | Ballistics |
| 23:18 | Create | Villager (Male) |
| 23:18 | Create | Villager (Male) |
| 23:54 | Build | Siege Workshop |
| 24:03 | Build | Farm |
| 24:06 | Create | Villager (Male) |
| 24:07 | Create | Villager (Male) |
| 24:15 | Research | Bodkin Arrow |
| 24:31 | Build | Farm |
| 24:52 | Build | Siege Workshop |
| 24:59 | Create | Villager (Male) |
| 25:07 | Create | Villager (Male) |
| 25:08 | Create | Villager (Male) |
| 25:08 | Create | Villager (Male) |
| 25:25 | Build | Farm |
| 25:28 | Build | Farm |
| 25:50 | Create | Mangonel |
| 25:55 | Create | Mangonel |
| 26:30 | Build | Stone Wall |
| 27:23 | Research | Imperial Age |
| 28:27 | Build | University |
| 29:56 | Build | Siege Workshop |
| 30:00 | Build | Siege Workshop |
| 30:33 | Age | Imperial Age |
| 30:41 | Research | Siege Engineers |
| 30:43 | Research | Chemistry |
| 30:46 | Research | Conscription |
| 31:00 | Create | Scorpion |
| 31:01 | Create | Scorpion |
| 31:15 | Create | Villager (Male) |
| 31:15 | Create | Villager (Male) |
| 31:15 | Create | Villager (Male) |
| 31:16 | Create | Villager (Male) |
| 31:21 | Create | Villager (Male) |
| 31:21 | Create | Villager (Male) |
| 31:21 | Create | Villager (Male) |
| 31:40 | Create | Scorpion |
| 31:40 | Create | Scorpion |
| 32:04 | Create | Scorpion |
| 33:28 | Research | Heavy Scorpion (upgrade) |
| 33:28 | Create | Scorpion |
| 33:29 | Create | Scorpion |
| 33:29 | Create | Scorpion |
| 34:07 | Build | Castle |
| 34:26 | Create | Trebuchet (Packed) |
| 34:41 | Create | Scorpion |
| 34:41 | Create | Scorpion |
| 34:51 | Build | Siege Workshop |
| 34:57 | Build | Farm |
| 35:00 | Build | Farm |
| 35:03 | Build | Farm |
| 35:06 | Create | Villager (Male) |
| 35:06 | Create | Villager (Male) |
| 35:06 | Create | Villager (Male) |
| 35:07 | Create | Villager (Male) |
| 35:11 | Create | Villager (Male) |
| 35:11 | Create | Villager (Male) |
| 35:11 | Create | Villager (Male) |
| 35:12 | Create | Villager (Male) |
| 36:17 | Research | Sappers |
| 36:39 | Create | Trebuchet (Packed) |
Build order — DON JULIO
First 150 of 420 actions detected
| 0:01 | Create | Villager (Male) |
| 0:01 | Create | Villager (Male) |
| 0:02 | Create | Villager (Male) |
| 0:02 | Create | Villager (Male) |
| 0:04 | Build | House |
| 0:05 | Build | House |
| 1:33 | Create | Villager (Male) |
| 1:46 | Build | Lumber Camp |
| 2:09 | Create | Villager (Male) |
| 2:24 | Create | Villager (Male) |
| 2:52 | Create | Villager (Male) |
| 3:08 | Create | Villager (Male) |
| 3:42 | Create | Villager (Male) |
| 3:58 | Build | House |
| 4:08 | Create | Villager (Male) |
| 4:36 | Create | Villager (Male) |
| 4:37 | Create | Villager (Male) |
| 4:44 | Build | Mill |
| 5:21 | Build | House |
| 5:23 | Build | House |
| 5:34 | Create | Villager (Male) |
| 6:01 | Create | Villager (Male) |
| 6:01 | Create | Villager (Male) |
| 6:01 | Create | Villager (Male) |
| 6:46 | Create | Villager (Male) |
| 6:46 | Create | Villager (Male) |
| 6:54 | Build | Barracks |
| 6:59 | Build | Barracks |
| 7:01 | Create | Villager (Male) |
| 7:01 | Create | Villager (Male) |
| 8:16 | Build | House |
| 8:17 | Build | House |
| 8:26 | Create | Villager (Male) |
| 8:34 | Build | Mining Camp |
| 8:57 | Create | Villager (Male) |
| 8:58 | Create | Villager (Male) |
| 9:06 | Build | House |
| 9:25 | Build | Lumber Camp |
| 9:56 | Research | Feudal Age |
| 10:01 | Build | House |
| 10:28 | Build | Barracks |
| 10:31 | Build | House |
| 10:32 | Build | House |
| 10:55 | Build | Farm |
| 10:55 | Build | Farm |
| 10:55 | Build | Farm |
| 10:56 | Build | Farm |
| 10:56 | Build | Farm |
| 11:38 | Build | Farm |
| 11:38 | Build | Farm |
| 12:08 | Build | Farm |
| 12:15 | Build | Farm |
| 12:21 | Age | Feudal Age |
| 12:30 | Build | Farm |
| 12:31 | Create | Villager (Male) |
| 12:31 | Create | Villager (Male) |
| 12:31 | Create | Villager (Male) |
| 12:34 | Research | Horse Collar |
| 12:35 | Research | Double-Bit Axe |
| 12:48 | Build | Farm |
| 12:54 | Build | Farm |
| 12:54 | Build | Farm |
| 13:01 | Build | Farm |
| 13:14 | Create | Villager (Male) |
| 13:37 | Create | Villager (Male) |
| 13:42 | Build | Farm |
| 13:42 | Build | Farm |
| 14:37 | Create | Villager (Male) |
| 14:38 | Create | Villager (Male) |
| 14:41 | Build | Farm |
| 14:46 | Build | Farm |
| 15:05 | Build | Market |
| 15:18 | Build | Blacksmith |
| 15:37 | Build | Farm |
| 15:41 | Research | Loom |
| 15:51 | Research | Castle Age |
| 16:10 | Build | Mining Camp |
| 16:51 | Research | Man-at-Arms (upgrade) |
| 17:26 | Research | Gold Mining |
| 17:51 | Research | Stone Mining |
| 18:46 | Age | Castle Age |
| 18:48 | Build | Town Center |
| 18:53 | Create | Villager (Male) |
| 18:53 | Create | Villager (Male) |
| 18:54 | Create | Villager (Male) |
| 18:56 | Research | Wheelbarrow |
| 18:58 | Research | Bow Saw |
| 18:59 | Research | Heavy Plow |
| 19:02 | Research | Scale Mail Armor |
| 19:09 | Build | Siege Workshop |
| 19:22 | Create | Villager (Male) |
| 19:22 | Create | Villager (Male) |
| 19:25 | Research | Gold Shaft Mining |
| 19:51 | Build | Siege Workshop |
| 20:06 | Create | Villager (Male) |
| 20:06 | Create | Villager (Male) |
| 20:41 | Build | Town Center |
| 20:50 | Create | Villager (Male) |
| 20:50 | Create | Villager (Male) |
| 20:50 | Create | Villager (Male) |
| 20:51 | Create | Villager (Male) |
| 21:09 | Build | Lumber Camp |
| 21:14 | Create | Scorpion |
| 21:21 | Research | Long Swordsman (upgrade) |
| 21:22 | Create | Militia |
| 21:23 | Create | Militia |
| 21:23 | Create | Militia |
| 21:23 | Create | Militia |
| 21:46 | Create | Militia |
| 21:56 | Create | Scorpion |
| 22:09 | Create | Villager (Male) |
| 22:10 | Create | Villager (Male) |
| 22:13 | Build | Farm |
| 22:23 | Research | Town Watch |
| 22:26 | Create | Villager (Male) |
| 22:33 | Build | Farm |
| 22:33 | Build | Farm |
| 22:34 | Build | Farm |
| 22:40 | Create | Villager (Male) |
| 22:44 | Create | Scorpion |
| 22:47 | Create | Villager (Male) |
| 23:09 | Create | Villager (Male) |
| 23:12 | Create | Villager (Male) |
| 23:12 | Create | Villager (Male) |
| 23:15 | Create | Villager (Male) |
| 23:24 | Build | House |
| 23:25 | Build | House |
| 23:31 | Create | Scorpion |
| 23:32 | Create | Scorpion |
| 23:35 | Build | Farm |
| 23:40 | Build | Farm |
| 23:41 | Build | Farm |
| 23:45 | Create | Villager (Male) |
| 23:49 | Create | Villager (Male) |
| 23:49 | Create | Villager (Male) |
| 23:56 | Build | University |
| 24:01 | Create | Villager (Male) |
| 24:14 | Create | Scorpion |
| 24:14 | Create | Scorpion |
| 24:15 | Create | Villager (Male) |
| 24:16 | Create | Villager (Male) |
| 24:25 | Create | Villager (Male) |
| 24:28 | Create | Villager (Male) |
| 24:29 | Create | Villager (Male) |
| 24:43 | Build | Farm |
| 24:45 | Build | Farm |
| 25:07 | Build | House |
| 25:08 | Build | House |
| 25:09 | Build | House |
| 25:10 | Build | House |
Build order — TOMASMILONGA
First 150 of 521 actions detected
| 0:02 | Create | Villager (Male) |
| 0:02 | Create | Villager (Male) |
| 0:02 | Create | Villager (Male) |
| 0:04 | Build | House |
| 0:06 | Build | House |
| 0:17 | Create | Villager (Male) |
| 1:35 | Create | Villager (Male) |
| 1:46 | Build | Lumber Camp |
| 2:08 | Create | Villager (Male) |
| 2:23 | Create | Villager (Male) |
| 2:51 | Create | Villager (Male) |
| 3:18 | Create | Villager (Male) |
| 3:42 | Create | Villager (Male) |
| 3:59 | Create | Villager (Male) |
| 4:05 | Build | House |
| 4:07 | Build | House |
| 4:17 | Create | Villager (Male) |
| 4:44 | Build | Mill |
| 5:06 | Create | Villager (Male) |
| 5:06 | Create | Villager (Male) |
| 5:07 | Create | Villager (Male) |
| 5:34 | Create | Villager (Male) |
| 5:49 | Create | Villager (Male) |
| 5:50 | Create | Villager (Male) |
| 5:50 | Create | Villager (Male) |
| 6:24 | Create | Villager (Male) |
| 6:35 | Create | Villager (Male) |
| 6:54 | Create | Villager (Male) |
| 7:43 | Build | Mining Camp |
| 7:45 | Create | Villager (Male) |
| 8:08 | Create | Villager (Male) |
| 8:23 | Research | Feudal Age |
| 8:37 | Build | Farm |
| 8:40 | Build | Farm |
| 9:07 | Build | House |
| 9:50 | Build | Barracks |
| 10:12 | Build | Farm |
| 10:32 | Build | Farm |
| 10:46 | Create | Villager (Male) |
| 10:49 | Research | Loom |
| 10:50 | Create | Villager (Male) |
| 10:50 | Create | Villager (Male) |
| 11:03 | Build | Farm |
| 11:06 | Build | Farm |
| 11:07 | Age | Feudal Age |
| 11:07 | Create | Villager (Male) |
| 11:38 | Build | Market |
| 12:11 | Build | Blacksmith |
| 12:37 | Create | Villager (Male) |
| 12:42 | Build | Farm |
| 12:46 | Build | Farm |
| 13:02 | Research | Castle Age |
| 13:13 | Build | Mining Camp |
| 13:30 | Research | Horse Collar |
| 14:39 | Research | Double-Bit Axe |
| 15:52 | Age | Castle Age |
| 15:56 | Build | Town Center |
| 15:58 | Create | Villager (Male) |
| 15:59 | Create | Villager (Male) |
| 16:11 | Research | Bow Saw |
| 16:13 | Research | Heavy Plow |
| 16:26 | Build | House |
| 16:33 | Build | House |
| 16:34 | Build | Farm |
| 16:35 | Create | Villager (Male) |
| 16:38 | Create | Villager (Male) |
| 16:58 | Create | Villager (Male) |
| 17:18 | Build | Farm |
| 17:19 | Create | Villager (Male) |
| 17:33 | Build | Farm |
| 17:36 | Build | Farm |
| 17:37 | Create | Villager (Male) |
| 17:40 | Create | Villager (Male) |
| 17:44 | Build | Farm |
| 17:48 | Build | Farm |
| 17:55 | Create | Villager (Male) |
| 17:57 | Create | Villager (Male) |
| 18:00 | Build | Farm |
| 18:00 | Build | Farm |
| 18:01 | Build | Farm |
| 18:20 | Create | Villager (Male) |
| 18:25 | Build | Farm |
| 18:26 | Create | Villager (Male) |
| 18:31 | Build | Farm |
| 18:33 | Create | Villager (Male) |
| 18:43 | Create | Villager (Male) |
| 18:47 | Build | Farm |
| 18:52 | Build | Farm |
| 18:53 | Create | Villager (Male) |
| 18:56 | Create | Villager (Male) |
| 19:10 | Build | House |
| 19:12 | Build | House |
| 19:19 | Create | Villager (Male) |
| 19:23 | Build | Farm |
| 19:26 | Build | Farm |
| 19:27 | Create | Villager (Male) |
| 19:49 | Create | Villager (Male) |
| 19:52 | Research | Wheelbarrow |
| 20:12 | Create | Villager (Male) |
| 20:26 | Build | Monastery |
| 20:33 | Build | House |
| 20:34 | Build | House |
| 20:38 | Create | Villager (Male) |
| 20:42 | Create | Villager (Male) |
| 20:51 | Build | Farm |
| 20:51 | Build | Farm |
| 21:01 | Build | Farm |
| 21:06 | Create | Villager (Male) |
| 21:06 | Create | Villager (Male) |
| 21:26 | Build | Castle |
| 21:30 | Create | Monk |
| 21:38 | Build | Farm |
| 21:39 | Create | Villager (Male) |
| 21:43 | Create | Villager (Male) |
| 22:22 | Build | Town Center |
| 22:24 | Create | Villager (Male) |
| 22:24 | Create | Villager (Male) |
| 22:25 | Create | Villager (Male) |
| 22:29 | Create | Villager (Male) |
| 22:40 | Create | Villager (Male) |
| 22:40 | Create | Villager (Male) |
| 22:46 | Create | Villager (Male) |
| 22:46 | Create | Villager (Male) |
| 22:50 | Build | House |
| 23:00 | Build | Farm |
| 23:10 | Create | Villager (Male) |
| 23:16 | Research | Hand Cart |
| 24:03 | Build | Farm |
| 24:04 | Build | Farm |
| 24:04 | Build | Farm |
| 24:04 | Build | Farm |
| 24:04 | Build | Farm |
| 24:05 | Build | Farm |
| 24:06 | Create | Villager (Male) |
| 24:06 | Create | Villager (Male) |
| 24:07 | Create | Villager (Male) |
| 24:12 | Create | Villager (Male) |
| 24:14 | Create | Villager (Male) |
| 24:14 | Create | Villager (Male) |
| 24:26 | Research | Imperial Age |
| 24:30 | Create | Villager (Male) |
| 24:30 | Create | Villager (Male) |
| 24:41 | Research | Gold Mining |
| 24:53 | Build | Mining Camp |
| 25:06 | Build | Lumber Camp |
| 25:10 | Build | House |
| 25:15 | Create | Villager (Male) |
| 25:16 | Create | Villager (Male) |
| 25:28 | Build | Mill |
| 25:28 | Build | Farm |
Build order — Atomic Kipachaka
First 150 of 477 actions detected
| 0:01 | Create | Villager (Male) |
| 0:02 | Create | Villager (Male) |
| 0:02 | Create | Villager (Male) |
| 0:03 | Build | House |
| 0:05 | Build | House |
| 0:25 | Create | Villager (Male) |
| 0:26 | Create | Villager (Male) |
| 1:29 | Create | Villager (Male) |
| 1:29 | Create | Villager (Male) |
| 2:07 | Create | Villager (Male) |
| 2:12 | Build | Lumber Camp |
| 2:17 | Create | Villager (Male) |
| 3:09 | Create | Villager (Male) |
| 3:09 | Create | Villager (Male) |
| 3:27 | Research | Loom |
| 4:05 | Create | Villager (Male) |
| 4:05 | Create | Villager (Male) |
| 4:20 | Build | House |
| 4:21 | Build | House |
| 5:04 | Create | Villager (Male) |
| 5:04 | Create | Villager (Male) |
| 5:05 | Create | Villager (Male) |
| 5:21 | Create | Villager (Male) |
| 5:21 | Create | Villager (Male) |
| 6:02 | Build | Mill |
| 6:06 | Create | Villager (Male) |
| 6:08 | Research | Loom |
| 6:48 | Create | Villager (Male) |
| 6:49 | Create | Villager (Male) |
| 7:46 | Create | Villager (Male) |
| 8:07 | Create | Villager (Male) |
| 8:37 | Create | Villager (Male) |
| 8:39 | Build | Mining Camp |
| 8:42 | Research | Feudal Age |
| 8:56 | Build | Farm |
| 8:58 | Build | Farm |
| 9:02 | Build | Farm |
| 10:20 | Create | Villager (Male) |
| 10:21 | Create | Villager (Male) |
| 10:59 | Age | Feudal Age |
| 11:01 | Build | Market |
| 11:04 | Build | Blacksmith |
| 11:56 | Research | Castle Age |
| 11:56 | Research | Castle Age |
| 12:04 | Build | House |
| 14:30 | Create | Villager (Male) |
| 14:30 | Create | Villager (Male) |
| 14:36 | Age | Castle Age |
| 14:37 | Build | Monastery |
| 14:42 | Build | House |
| 15:01 | Create | Villager (Male) |
| 15:02 | Research | Double-Bit Axe |
| 15:03 | Research | Horse Collar |
| 15:08 | Build | Farm |
| 15:12 | Build | Town Center |
| 15:32 | Build | Town Center |
| 15:43 | Build | Town Center |
| 15:45 | Create | Villager (Male) |
| 15:52 | Research | Bow Saw |
| 15:57 | Create | Monk |
| 16:04 | Create | Monk |
| 16:07 | Build | Farm |
| 16:17 | Build | Farm |
| 16:20 | Build | Farm |
| 16:24 | Create | Villager (Male) |
| 16:24 | Create | Villager (Male) |
| 16:24 | Create | Villager (Male) |
| 16:51 | Create | Villager (Male) |
| 16:56 | Build | Farm |
| 17:00 | Build | Farm |
| 17:01 | Create | Villager (Male) |
| 17:01 | Create | Villager (Male) |
| 17:13 | Build | Farm |
| 17:14 | Create | Villager (Male) |
| 17:14 | Create | Villager (Male) |
| 17:26 | Create | Villager (Male) |
| 17:27 | Create | Villager (Male) |
| 18:15 | Create | Villager (Male) |
| 18:15 | Create | Villager (Male) |
| 18:16 | Create | Villager (Male) |
| 18:16 | Create | Villager (Male) |
| 18:40 | Build | Town Center |
| 18:41 | Create | Villager (Male) |
| 18:51 | Build | Farm |
| 19:01 | Create | Villager (Male) |
| 19:10 | Build | Farm |
| 19:13 | Build | Farm |
| 19:15 | Build | Farm |
| 19:16 | Create | Villager (Male) |
| 19:17 | Create | Villager (Male) |
| 19:28 | Build | House |
| 19:29 | Build | House |
| 19:30 | Build | House |
| 19:31 | Create | Villager (Male) |
| 19:58 | Build | Farm |
| 20:01 | Create | Villager (Male) |
| 20:02 | Create | Villager (Male) |
| 20:03 | Create | Villager (Male) |
| 20:14 | Build | Farm |
| 20:16 | Build | Farm |
| 20:18 | Build | Farm |
| 20:20 | Build | Farm |
| 20:29 | Create | Villager (Male) |
| 20:30 | Create | Villager (Male) |
| 20:39 | Build | Farm |
| 20:43 | Build | Farm |
| 20:47 | Create | Villager (Male) |
| 21:00 | Create | Villager (Male) |
| 21:00 | Create | Villager (Male) |
| 21:01 | Create | Villager (Male) |
| 21:28 | Create | Villager (Male) |
| 21:28 | Create | Villager (Male) |
| 21:29 | Create | Villager (Male) |
| 21:33 | Build | House |
| 21:34 | Build | House |
| 21:42 | Build | Farm |
| 21:43 | Build | Farm |
| 21:55 | Build | Siege Workshop |
| 22:02 | Build | House |
| 22:04 | Build | House |
| 22:10 | Create | Villager (Male) |
| 22:11 | Create | Villager (Male) |
| 22:11 | Create | Villager (Male) |
| 22:11 | Create | Villager (Male) |
| 22:12 | Create | Villager (Male) |
| 22:12 | Create | Villager (Male) |
| 22:20 | Build | Farm |
| 22:23 | Build | Farm |
| 22:27 | Build | Farm |
| 22:28 | Research | Scale Mail Armor |
| 22:35 | Build | Barracks |
| 22:48 | Build | Barracks |
| 22:51 | Create | Scorpion |
| 22:51 | Create | Scorpion |
| 22:52 | Create | Scorpion |
| 22:55 | Create | Villager (Male) |
| 22:55 | Create | Villager (Male) |
| 22:56 | Create | Villager (Male) |
| 22:56 | Create | Villager (Male) |
| 22:56 | Create | Villager (Male) |
| 23:12 | Research | Gold Mining |
| 23:12 | Research | Stone Mining |
| 23:21 | Build | House |
| 23:23 | Build | House |
| 23:24 | Build | House |
| 23:26 | Build | House |
| 23:27 | Build | House |
| 23:33 | Create | Villager (Male) |
| 23:33 | Create | Villager (Male) |
| 23:34 | Create | Villager (Male) |
Build order — ADAM SMASHER
First 150 of 503 actions detected
| 0:01 | Create | Villager (Male) |
| 0:01 | Create | Villager (Male) |
| 0:01 | Create | Villager (Male) |
| 0:01 | Create | Villager (Male) |
| 0:03 | Build | House |
| 0:05 | Build | House |
| 1:25 | Create | Villager (Male) |
| 1:49 | Build | Lumber Camp |
| 2:02 | Create | Villager (Male) |
| 2:18 | Create | Villager (Male) |
| 2:52 | Create | Villager (Male) |
| 3:19 | Create | Villager (Male) |
| 3:49 | Build | House |
| 3:50 | Build | House |
| 4:02 | Create | Villager (Male) |
| 4:02 | Create | Villager (Male) |
| 4:32 | Build | Mill |
| 4:48 | Create | Villager (Male) |
| 4:48 | Create | Villager (Male) |
| 5:35 | Create | Villager (Male) |
| 5:35 | Create | Villager (Male) |
| 5:59 | Build | House |
| 6:32 | Create | Villager (Male) |
| 6:34 | Create | Villager (Male) |
| 6:37 | Create | Villager (Male) |
| 6:37 | Create | Villager (Male) |
| 7:13 | Create | Villager (Male) |
| 7:32 | Create | Villager (Male) |
| 7:32 | Create | Villager (Male) |
| 7:57 | Create | Villager (Male) |
| 8:45 | Build | Mining Camp |
| 8:59 | Build | Barracks |
| 9:06 | Create | Villager (Male) |
| 9:06 | Research | Loom |
| 9:22 | Build | Lumber Camp |
| 9:30 | Research | Feudal Age |
| 9:55 | Build | Farm |
| 10:04 | Build | Farm |
| 10:20 | Build | Farm |
| 10:42 | Build | House |
| 10:49 | Build | Farm |
| 10:51 | Build | Farm |
| 10:53 | Build | Farm |
| 10:57 | Create | Villager (Male) |
| 11:29 | Build | House |
| 11:31 | Build | House |
| 11:57 | Build | Farm |
| 12:52 | Age | Feudal Age |
| 12:54 | Build | Blacksmith |
| 12:58 | Build | Archery Range |
| 13:04 | Create | Villager (Male) |
| 13:18 | Build | House |
| 13:24 | Build | Farm |
| 13:51 | Research | Castle Age |
| 13:57 | Build | Farm |
| 14:07 | Build | Archery Range |
| 14:38 | Build | Farm |
| 14:43 | Create | Villager (Male) |
| 15:16 | Build | House |
| 15:24 | Research | Double-Bit Axe |
| 15:27 | Research | Horse Collar |
| 15:49 | Create | Archer |
| 15:49 | Create | Archer |
| 15:50 | Create | Archer |
| 15:50 | Create | Archer |
| 15:50 | Create | Archer |
| 16:07 | Build | House |
| 16:31 | Age | Castle Age |
| 16:36 | Build | Town Center |
| 16:45 | Build | Town Center |
| 16:49 | Create | Villager (Male) |
| 16:54 | Build | House |
| 16:56 | Create | Villager (Male) |
| 17:08 | Research | Fletching |
| 17:14 | Build | Farm |
| 17:17 | Create | Villager (Male) |
| 17:21 | Research | Bow Saw |
| 17:34 | Build | House |
| 17:51 | Create | Villager (Male) |
| 17:59 | Create | Villager (Male) |
| 17:59 | Create | Villager (Male) |
| 18:43 | Build | Siege Workshop |
| 18:50 | Research | Crossbowman (upgrade) |
| 19:17 | Create | Villager (Male) |
| 19:17 | Create | Villager (Male) |
| 19:18 | Create | Villager (Male) |
| 19:19 | Create | Villager (Male) |
| 19:19 | Create | Villager (Male) |
| 19:22 | Build | Farm |
| 19:23 | Build | Farm |
| 19:23 | Build | Farm |
| 19:23 | Build | Farm |
| 19:30 | Build | House |
| 19:39 | Create | Villager (Male) |
| 19:39 | Create | Villager (Male) |
| 20:21 | Build | Farm |
| 20:24 | Build | Farm |
| 20:25 | Create | Villager (Male) |
| 20:32 | Research | Wheelbarrow |
| 20:45 | Build | Archery Range |
| 20:47 | Build | Archery Range |
| 20:52 | Create | Villager (Male) |
| 20:58 | Build | Farm |
| 21:00 | Create | Villager (Male) |
| 21:04 | Build | Farm |
| 21:08 | Build | Farm |
| 21:13 | Create | Villager (Male) |
| 21:21 | Build | Farm |
| 21:21 | Build | Farm |
| 21:22 | Build | Farm |
| 21:25 | Create | Villager (Male) |
| 21:40 | Create | Mangonel |
| 21:47 | Build | Farm |
| 21:48 | Create | Villager (Male) |
| 21:50 | Create | Villager (Male) |
| 21:58 | Build | Farm |
| 22:01 | Research | Heavy Plow |
| 22:14 | Create | Villager (Male) |
| 22:28 | Build | Farm |
| 22:31 | Create | Villager (Male) |
| 22:33 | Create | Villager (Male) |
| 22:33 | Create | Villager (Male) |
| 22:38 | Build | Farm |
| 22:40 | Build | Mill |
| 22:42 | Build | Farm |
| 22:45 | Create | Villager (Male) |
| 22:49 | Create | Villager (Male) |
| 22:51 | Build | Farm |
| 22:58 | Create | Villager (Male) |
| 22:58 | Create | Villager (Male) |
| 23:23 | Build | Monastery |
| 23:35 | Create | Villager (Male) |
| 23:38 | Build | Farm |
| 23:40 | Create | Villager (Male) |
| 23:40 | Create | Villager (Male) |
| 23:45 | Research | Hand Cart |
| 23:59 | Create | Villager (Male) |
| 24:03 | Build | Mill |
| 24:08 | Build | House |
| 24:10 | Create | Monk |
| 24:17 | Create | Mangonel |
| 24:21 | Build | Farm |
| 24:23 | Create | Villager (Male) |
| 24:23 | Create | Villager (Male) |
| 24:36 | Build | Farm |
| 24:38 | Create | Villager (Male) |
| 24:40 | Create | Villager (Male) |
| 24:44 | Build | House |
| 24:57 | Create | Mangonel |
| 24:59 | Create | Villager (Male) |
Build order — Dimolition Man
First 150 of 376 actions detected
| 0:02 | Build | House |
| 0:04 | Build | House |
| 0:04 | Create | Villager (Male) |
| 0:21 | Create | Villager (Male) |
| 0:37 | Create | Villager (Male) |
| 0:58 | Create | Villager (Male) |
| 1:28 | Create | Villager (Male) |
| 2:05 | Create | Villager (Male) |
| 2:18 | Create | Villager (Male) |
| 2:51 | Create | Villager (Male) |
| 2:58 | Create | Villager (Male) |
| 3:23 | Create | Villager (Male) |
| 3:31 | Build | House |
| 3:31 | Build | House |
| 3:32 | Build | House |
| 3:33 | Build | House |
| 3:52 | Create | Villager (Male) |
| 4:03 | Create | Villager (Male) |
| 4:14 | Create | Villager (Male) |
| 4:41 | Create | Villager (Male) |
| 4:59 | Create | Villager (Male) |
| 5:17 | Create | Villager (Male) |
| 5:56 | Create | Villager (Male) |
| 6:06 | Build | Mill |
| 6:08 | Create | Villager (Male) |
| 7:13 | Build | Farm |
| 7:41 | Build | Farm |
| 7:42 | Create | Villager (Male) |
| 7:51 | Build | Farm |
| 8:05 | Create | Villager (Male) |
| 8:14 | Build | Farm |
| 8:15 | Create | Villager (Male) |
| 8:35 | Build | Farm |
| 8:37 | Create | Villager (Male) |
| 9:02 | Create | Villager (Male) |
| 9:30 | Build | Lumber Camp |
| 10:16 | Create | Villager (Male) |
| 10:27 | Create | Villager (Male) |
| 10:40 | Build | Farm |
| 11:01 | Build | Farm |
| 11:05 | Create | Villager (Male) |
| 11:12 | Build | Farm |
| 11:28 | Research | Feudal Age |
| 11:38 | Build | Mining Camp |
| 11:55 | Build | Farm |
| 12:00 | Build | Farm |
| 12:30 | Build | Lumber Camp |
| 13:04 | Build | Mining Camp |
| 13:15 | Create | Villager (Male) |
| 13:41 | Age | Feudal Age |
| 13:46 | Research | Horse Collar |
| 13:48 | Research | Double-Bit Axe |
| 13:52 | Create | Villager (Male) |
| 14:12 | Build | Market |
| 14:39 | Create | Villager (Male) |
| 14:56 | Create | Villager (Male) |
| 15:30 | Build | Blacksmith |
| 15:34 | Create | Villager (Male) |
| 15:37 | Build | Farm |
| 16:14 | Research | Castle Age |
| 16:18 | Build | Barracks |
| 17:30 | Build | Stable |
| 18:24 | Build | House |
| 18:26 | Build | House |
| 18:49 | Create | Villager (Male) |
| 18:54 | Age | Castle Age |
| 19:07 | Research | Heavy Plow |
| 19:09 | Research | Bow Saw |
| 19:12 | Create | Villager (Male) |
| 19:24 | Build | House |
| 19:29 | Build | Town Center |
| 19:32 | Create | Villager (Male) |
| 19:53 | Create | Villager (Male) |
| 19:55 | Build | House |
| 20:28 | Build | House |
| 20:30 | Create | Villager (Male) |
| 20:41 | Build | Town Center |
| 20:47 | Create | Villager (Male) |
| 21:03 | Build | House |
| 21:05 | Build | House |
| 21:07 | Create | Villager (Male) |
| 21:16 | Build | Farm |
| 21:32 | Build | Mill |
| 21:34 | Research | Wheelbarrow |
| 21:53 | Create | Villager (Male) |
| 21:57 | Build | Farm |
| 22:12 | Create | Villager (Male) |
| 22:26 | Build | Farm |
| 22:30 | Build | Farm |
| 22:33 | Build | House |
| 22:37 | Create | Villager (Male) |
| 22:45 | Build | Farm |
| 22:48 | Create | Villager (Male) |
| 22:52 | Research | Loom |
| 22:54 | Create | Villager (Male) |
| 22:54 | Create | Villager (Male) |
| 22:54 | Create | Villager (Male) |
| 23:12 | Build | Farm |
| 23:14 | Create | Villager (Male) |
| 23:14 | Create | Villager (Male) |
| 23:14 | Create | Villager (Male) |
| 23:19 | Build | House |
| 23:43 | Build | Farm |
| 23:45 | Build | Farm |
| 23:47 | Research | Hand Cart |
| 23:48 | Research | Town Watch |
| 23:53 | Build | Farm |
| 23:55 | Build | Farm |
| 23:58 | Create | Villager (Male) |
| 23:58 | Create | Villager (Male) |
| 24:02 | Build | Farm |
| 24:07 | Build | House |
| 24:09 | Create | Villager (Male) |
| 24:09 | Create | Villager (Male) |
| 24:09 | Create | Villager (Male) |
| 24:16 | Build | Castle |
| 24:26 | Build | Farm |
| 24:33 | Create | Villager (Male) |
| 24:33 | Create | Villager (Male) |
| 24:33 | Create | Villager (Male) |
| 24:37 | Build | House |
| 24:42 | Create | Villager (Male) |
| 24:42 | Create | Villager (Male) |
| 24:42 | Create | Villager (Male) |
| 24:42 | Create | Villager (Male) |
| 24:50 | Build | Mill |
| 24:54 | Create | Villager (Male) |
| 24:54 | Create | Villager (Male) |
| 24:54 | Create | Villager (Male) |
| 25:08 | Build | House |
| 25:27 | Create | Villager (Male) |
| 25:27 | Create | Villager (Male) |
| 25:27 | Create | Villager (Male) |
| 25:35 | Build | House |
| 25:41 | Build | Farm |
| 25:48 | Create | Villager (Male) |
| 25:48 | Create | Villager (Male) |
| 25:48 | Create | Villager (Male) |
| 25:57 | Build | Farm |
| 26:08 | Build | House |
| 26:15 | Build | Mining Camp |
| 26:30 | Build | Farm |
| 26:35 | Build | Farm |
| 26:47 | Build | House |
| 26:49 | Create | Janissary |
| 26:49 | Create | Janissary |
| 26:53 | Build | Farm |
| 26:54 | Create | Villager (Male) |
| 26:54 | Create | Janissary |
| 27:09 | Create | Janissary |
Match timeline
| 6:54 | DON JULIO · first_building Barracks |
| 8:59 | ADAM SMASHER · first_building Barracks |
| 9:50 | TOMASMILONGA · first_building Barracks |
| 10:59 | Atomic Kipachaka · age_up feudal |
| 11:07 | TOMASMILONGA · age_up feudal |
| 12:00 | SPQR · age_up feudal |
| 12:21 | DON JULIO · age_up feudal |
| 12:52 | ADAM SMASHER · age_up feudal |
| 12:58 | ADAM SMASHER · first_building Archery Range |
| 13:41 | Dimolition Man · age_up feudal |
| 14:36 | Atomic Kipachaka · age_up castle |
| 14:37 | Atomic Kipachaka · first_building Monastery |
| 15:52 | TOMASMILONGA · age_up castle |
| 16:07 | SPQR · age_up castle |
| 16:13 | SPQR · first_building Monastery |
| 16:18 | Dimolition Man · first_building Barracks |
| 16:31 | ADAM SMASHER · age_up castle |
| 17:30 | Dimolition Man · first_building Stable |
| 18:43 | ADAM SMASHER · first_building Siege Workshop |
| 18:46 | DON JULIO · age_up castle |
| 18:54 | Dimolition Man · age_up castle |
| 19:09 | DON JULIO · first_building Siege Workshop |
| 19:50 | SPQR · first_building Castle |
| 20:26 | TOMASMILONGA · first_building Monastery |
| 21:26 | TOMASMILONGA · first_building Castle |
| 21:55 | Atomic Kipachaka · first_building Siege Workshop |
| 22:01 | TOMASMILONGA · first_market_buy 100 wood |
| 22:35 | Atomic Kipachaka · first_building Barracks |
| 23:23 | ADAM SMASHER · first_building Monastery |
| 23:54 | SPQR · first_building Siege Workshop |
| 24:16 | Dimolition Man · first_building Castle |
| 25:54 | TOMASMILONGA · first_building Stable |
| 26:19 | DON JULIO · first_building Castle |
| 26:30 | SPQR · wall_segment Stone Wall x9 |
| 27:01 | TOMASMILONGA · first_building Siege Workshop |
| 27:19 | Atomic Kipachaka · first_market_buy 100 food |
| 27:30 | Atomic Kipachaka · first_building Castle |
| 27:41 | TOMASMILONGA · age_up imperial |
| 28:27 | ADAM SMASHER · first_building Stable |
| 29:14 | Dimolition Man · first_building Siege Workshop |
| 30:33 | SPQR · age_up imperial |
| 30:36 | Atomic Kipachaka · age_up imperial |
| 30:52 | TOMASMILONGA · first_building Archery Range |
| 31:13 | DON JULIO · first_market_buy 100 food |
| 33:08 | ADAM SMASHER · age_up imperial |
| 33:09 | Dimolition Man · age_up imperial |
| 33:36 | ADAM SMASHER · first_building Castle |
| 34:39 | DON JULIO · age_up imperial |
| 37:40 | SPQR · wall_segment Stone Wall x8 |
| 40:13 | Atomic Kipachaka · wall_segment Palisade Wall x1 |
| 40:52 | Atomic Kipachaka · first_market_sell 500 food |
| 41:56 | SPQR · first_building Barracks |
| 42:45 | DON JULIO · first_market_sell 100 food |
| 46:28 | TOMASMILONGA · tribute_sent a jugador 1 |
| 46:28 | TOMASMILONGA · tribute_sent a jugador 2 |
| 46:28 | TOMASMILONGA · tribute_sent a jugador 4 |
| 46:28 | TOMASMILONGA · tribute_sent a jugador 5 |
| 46:28 | TOMASMILONGA · tribute_sent a jugador 6 |
| 53:51 | ADAM SMASHER · resign |
[ AI ANALYSIS · 1 CREDIT ]
What really happened in this match?
Wolo.gg analyzes every decision: build order, eco, micro, common mistakes by bracket. Personalized analysis on WhatsApp or Discord in 30 seconds.
Civ guide
Khmer
Map guide
Arena
Perfil
Dark Voodoo